 Dungeon Crawl Stone Soup version 0.29-a0-1023-g6ae1a4a2c7 (webtiles) character file.

Game seed: 15021337795982619789

114 27heaven the Chopper (level 4, -14/38 HPs)
             Began as a Ghoul Chaos Knight on Aug 11, 2022.
             Was an Initiate of Uskayaw.
             Demolished by Terence
             ... wielding a +6 short sword of electrocution
              (20 damage)
             ... on level 2 of the Dungeon.
             The game lasted 00:02:46 (2547 turns).

27heaven the Chopper (Ghoul Chaos Knight)           Turns: 2547, Time: 00:02:48

Health: -14/38     AC:  5    Str: 17      XL:     4   Next: 98%
Magic:  0/3        EV: 11    Int:  7      God:    Uskayaw [......]
Gold:   115        SH:  0    Dex:  4 (8)  Spells: 3/3 levels left

rFire   . . .      SeeInvis .   a - +0 hand axe (chaos)
rCold   + . .      Faith    .   (no shield)
rNeg    + + +      Spirit   .   b - +2 leather armour
rPois   ∞          Reflect  .   (no helmet)
rElec   .          Harm     .   (no cloak)
rCorr   .          Rampage  .   (no gloves)
Will    .....                   (no boots)
Stlth   +.........              (no amulet)
HPRegen 0.00/turn               (no ring)
MPRegen 0.08/turn               (no ring)

@: inhibited regen
A: claws 1, cold resistance 1, negative energy resistance 3, inhibited
regeneration, torment resistance 2, devour on kill
a: Renounce Religion


You were on level 2 of the Dungeon.
You worshipped Uskayaw.
Uskayaw was noncommittal.
You visited 1 branch of the dungeon, and saw 2 of its levels.

You collected 115 gold pieces.

Inventory:

Hand Weapons
 a - a +0 hand axe of chaos (weapon)
Armour
 b - a +2 leather armour (worn)
Jewellery
 j - a +4 ring of evasion
Scrolls
 d - a scroll of poison {unknown}
 e - a scroll of butterflies {unknown}
 f - 3 scrolls of amnesia {unknown}
 g - a scroll of identify {unknown}
 h - a scroll of summoning {unknown}
 i - a scroll of vulnerability {unknown}
Miscellaneous
 c - a piece from Xom's chessboard (15/15) (quivered)


   Skills:
 - Level 3.2 Fighting
 + Level 5.0 Axes
 - Level 1.7 Armour
 - Level 0.8 Dodging


You had 3 spell levels left.
You didn't know any spells.
Your spell library was empty.

Dungeon Overview and Level Annotations

Branches:
Dungeon (2/15)

Altars:
Uskayaw

Shops:
D:1 [   D:2 [

Annotations:
D:2 Terence


Innate Abilities, Weirdness & Mutations

You are immune to poison.
You have sharp fingernails.
Your flesh is cold resistant. (rC+)
You are immune to negative energy. (rN+++)
You do not regenerate when monsters are visible.
You are immune to unholy pain and torment.
You thrive by killing the living.


Message History

The quasit claws you but does no damage.
The quasit barely misses you.
Unknown command.
The quasit bites you but does no damage.
The quasit barely misses you. The quasit closely misses you.
You hit the quasit but do no damage.
The quasit is heavily wounded.
The quasit bites you.
You feel clumsy.
The quasit claws you but does no damage.
The quasit barely misses you.
You hit the quasit. Lightning courses through the quasit!
You kill the quasit!
The quasit disappears in a puff of smoke!
Uskayaw will force your foes to helplessly watch your dance.
You see here a +0 dagger of speed.
There is an open door here.
There is an open door here.
Terence the Incautious comes into view.
He is wielding a +6 short sword of electrocution.
Terence shouts!
Terence is nearby!
Terence hits you but does no damage.
You hit Terence.
Terence flickers and vanishes!
Deactivating autopickup; reactivate with Ctrl-A.
Something hits you.
No target in view!
No target in view!
You barely miss something. Something hits you!
You closely miss something. Something hits you!
You stomp with the beat, sending a shockwave through the revellers around you!
You can no longer stomp with the beat.
Something hits you.
Okay, then.
You hit something. You freeze something. Something hits you!
* * * LOW HITPOINT WARNING * * *
Something hits you.
* * * LOW HITPOINT WARNING * * *
You are electrocuted!!
Ouch! That really hurt!
You die...

.........# .#######.#
... .# #.# ... .# #.#
... ## #.# #.# #.#
#.# ##.# #.# #..#
####.##### #.##
#...@{...# #.#
#.##..##.# ###.#
#.###.# #####.#.# #.#
.# .
##..)...#####.###....
'....................
##.#...##########....
##.##.## .#.## #.####


There were no monsters in sight!

Vanquished Creatures
  An orc priest (D:2)
  A gnoll (D:1)
  3 adders (D:2)
  A worm (D:2)
  2 dart slugs
  3 orcs (D:2)
  A bat (D:1)
  8 endoplasms
  A giant cockroach (D:1)
  2 goblins
  5 hobgoblins
  A quokka (D:1)
  3 frilled lizards
  4 kobolds
36 creatures vanquished.

Notes
Turn   | Place    | Note
-------+----------+-------------------------------------------
     0 | D:1      | 27heaven the Ghoul Chaos Knight began the quest for the
                  | Orb.
     0 | D:1      | Reached XP level 1. HP: 19/19 MP: 0/0
    26 | D:1      | Reached skill level 3 in Axes
   177 | D:1      | Reached XP level 2. HP: 25/26 MP: 1/1
   334 | D:1      | Found a faded altar of an unknown god.
   362 | D:1      | XOM: noise
   368 | D:1      | XOM: silly message
   379 | D:1      | Prayed at the altar of an unknown god.
   379 | D:1      | Fell from the grace of Xom
   379 | D:1      | Became a worshipper of Uskayaw the Reveller
   379 | D:1      | Reached * piety under Uskayaw
   522 | D:1      | XOM: stat loss: -1 Dex (7/8)
   602 | D:1      | Found Umamiara's Antique Armour Shoppe.
   604 | D:1      | Reached ** piety under Uskayaw
   625 | D:1      | Reached XP level 3. HP: 17/31 MP: 2/2
  1361 | D:2      | Reached skill level 4 in Axes
  1623 | D:2      | Reached XP level 4. HP: 34/38 MP: 3/3
  1685 | D:2      | Found Ruwyvaa's Antique Armour Emporium.
  1722 | D:2      | Reached *** piety under Uskayaw
  1728 | D:2      | Reached **** piety under Uskayaw
  1735 | D:2      | Reached ***** piety under Uskayaw
  2089 | D:2      | Reached skill level 5 in Axes
  2297 | D:2      | XOM: summons 3 hostile demons
  2539 | D:2      | Noticed Terence
  2547 | D:2      | Demolished by Terence

Illustrated notes

Levels and vault maps discovered:
D:1:      ncdulo_halloftheorcs, layout_basic, serial_shops, shop,
          basic_ecumenical_altar
D:2:      layout_loops_corners, serial_shops,
          nicolae_shop_temple_entry_statues_fountains, uniq_terence

Skill      XL: |  1  2  3  4 |
---------------+-------------+-----
Axes           | 3 4 5 |  5.0
Fighting       | |  3.2
Armour         | |  1.7
Dodging        | |  0.8

Action                   |  1- 3 |  4- 6 || total
-------------------------+-------+-------++-------
Melee: Hand axe          |   126 |    55 ||   181
Invok: Stomp             |       |     1 ||     1
  Use: Scroll            |     1 |       ||     1
       Potion            |     1 |       ||     1
 Stab: Paralysed         |       |     2 ||     2
Armor: Leather armour    |    53 |    32 ||    85
Dodge: Dodged            |    63 |    65 ||   128

Table legend: (Time is in decaauts)
 A = Elapsed time spent in this place.
 B = Non-inter-level travel time spent in this place.
 C = Inter-level travel time spent in this place.
 D = Time resting spent in this place.
 E = Time spent auto-exploring this place.
 F = Levels seen in this place.
 G = Mean time per level.
                   A        B        C        D        E       F      G
               +--------+--------+--------+--------+--------+-----+--------+
         Total |   2564 |   2538 |     26 |    123 |   2011 |   2 | 1282.0 |
       Dungeon |   2564 |   2538 |     26 |    123 |   2011 |   2 | 1282.0 |
               +--------+--------+--------+--------+--------+-----+--------+

Top non-repeatable levels by time:
     D:1: 1329 daAuts
     D:2: 1235 daAuts
